 Dungeon Crawl Stone Soup version 0.30-a0-859-gf88a04b62d (webtiles) character file.

Game seed: 14671217428513680263

0 Hubjo the Firebug (level 1, 0/13 HPs)
             Began as a Demonspawn Fire Elementalist on Mar 6, 2023.
             Slain by a quokka (1 damage)
             ... on level 1 of the Dungeon.
             The game lasted 00:00:12 (75 turns).

Hubjo the Firebug (Demonspawn Fire Elementalist)      Turns: 75, Time: 00:00:13

Health: 0/13       AC:  2    Str:  8    XL:     1   Next: 8%
Magic:  0/3        EV: 12    Int: 16    God:
Gold:   5          SH:  0    Dex: 13    Spells: 3/4 levels left

rFire   . . .      SeeInvis .    (no weapon)
rCold   . . .      Faith    .    (no shield)
rNeg    . . .      Spirit   .    a - +0 robe
rPois   .          Reflect  .    (no helmet)
rElec   .          Rampage  .    (no cloak)
rCorr   .                        (no gloves)
Will    .....                    (no boots)
Stlth   ++                       (no amulet)
HPRegen 0.22/turn                (no ring)
MPRegen 0.08/turn                (no ring)

@: very slightly contaminated
A: no striking features
a: no special abilities


You were on level 1 of the Dungeon.
You visited 1 branch of the dungeon, and saw 1 of its levels.

You collected 5 gold pieces.

Inventory:

Armour
 a - a +0 robe (worn)
Potions
 b - a potion of magic


   Skills:
 * Level 0.1 Fighting
 - Level 1.7 Dodging
 + Level 1.7 Stealth
 + Level 2.0 Spellcasting
 + Level 1.0 Conjurations
 + Level 2.6 Fire Magic


You had 3 spell levels left.
You knew the following spells:

 Your Spells              Type           Power      Damage    Failure   Level
a - Foxfire               Conj/Fire      28%        2x1d5     10%         1

Your spell library contained the following spells:

 Spells                   Type           Power      Damage    Failure   Level
 Scorch                   Fire           20%        2d6       11%         2
 Inner Flame              Hex/Fire       5%         N/A       34%         3
 Kindle Blastsparks       Fire/Tloc/Air  8%         2d10      41%         3
 Flame Wave               Conj/Fire      7%         2d5       67%         4


Dungeon Overview and Level Annotations

Branches:
Dungeon (1/15)

Altars:


Message History

Magic restored.
A quokka comes into view.
A quokka is nearby!
A quokka is nearby!
A quokka is nearby!
You conjure some foxfire!
You conjure some foxfire!
You miscast Foxfire.
You are very lightly contaminated with residual magic.
Nothing appears to happen.
The foxfire hits the quokka.
The quokka is moderately wounded.
The foxfire hits the quokka but does no damage.
The quokka is moderately wounded.
You are out of magic!
A quokka is nearby!
A quokka is nearby!
A quokka is nearby!
An endoplasm comes into view.
The foxfire hits the endoplasm.
The endoplasm is heavily wounded.
The endoplasm quivers.
The foxfire hits the endoplasm.
The endoplasm is almost dead.
Found a scroll labelled KUICIM KEGOSTRI.
The quokka barely misses you. The endoplasm freezes you.
You are frozen.
The quokka bites you. The endoplasm freezes you.
You are frozen.
The quokka bites you but does no damage.
The endoplasm freezes you.
You are frozen.
* * * LOW HITPOINT WARNING * * *
You hit the endoplasm but do no damage.
The endoplasm is almost dead.
The quokka bites you.
* * * LOW HITPOINT WARNING * * *
The quokka bites you.
You die...

.. ? #. ##. #.
##... #####....
##..#.##.......#
#......r.####.##
....#..J@.......
# ####..######
#...# #...#
#...# #..##
#...# #...#
#...#


You could see an endoplasm and a quokka.

Vanquished Creatures
  A ball python (D:1)
1 creature vanquished.

Vanquished Creatures (others)
  9 foxfires (D:1)
9 creatures vanquished.

Grand Total: 10 creatures vanquished

Notes
Turn   | Place    | Note
-------+----------+-------------------------------------------
     0 | D:1      | Hubjo the Demonspawn Fire Elementalist began the quest for
                  | the Orb.
     0 | D:1      | Reached XP level 1. HP: 13/13 MP: 3/3
    75 | D:1      | Slain by a quokka

Illustrated notes

Levels and vault maps discovered:
D:1:      minmay_arrival_nine_rooms, layout_rooms, minivault_11

Action                     || total
---------------------------++-------
  Melee: Unarmed           ||     1
   Cast: Foxfire           ||     5
 Armour: Robe              ||     1
  Dodge: Dodged            ||     1

Table legend: (Time is in decaauts)
 A = Elapsed time spent in this place.
 B = Non-inter-level travel time spent in this place.
 C = Inter-level travel time spent in this place.
 D = Time resting spent in this place.
 E = Time spent auto-exploring this place.
 F = Levels seen in this place.
 G = Mean time per level.
                   A        B        C        D        E       F      G
               +--------+--------+--------+--------+--------+-----+--------+
         Total |     75 |     75 |      0 |      0 |     60 |   1 |   75.0 |
       Dungeon |     75 |     75 |      0 |      0 |     60 |   1 |   75.0 |
               +--------+--------+--------+--------+--------+-----+--------+

Top non-repeatable levels by time:
     D:1: 75 daAuts
